 Dungeon Crawl Stone Soup version 0.30.0 (webtiles) character file.

Game seed: 13703237176101925549

298 Ayyar the Chopper (level 6, 0/47 HPs)
             Began as a Demonspawn Gladiator on May 10, 2023.
             Slain by a kobold brigand
             ... wielding a +0 dagger
              (5 damage)
             ... in a sewer.
             The game lasted 00:07:29 (1662 turns).

Ayyar the Chopper (Demonspawn Gladiator)            Turns: 1662, Time: 00:07:30

Health: 0/47       AC: 13    Str: 15 (17) XL:     6   Next: 13%
Magic:  6/6        EV: 12    Int:  6 (9)  God:
Gold:   78         SH:  0    Dex: 13 (14) Spells: 5/5 levels left

rFire   . . .        a - +0 war axe
rCold   . . .        (no shield)
rNeg    . . .        b - +0 leather armour
rPois   .            c - +0 helmet
rElec   .            (no cloak)
rCorr   .            (no gloves)
SInv    .            (no boots)
Will    .....        (no amulet)
Stlth   ++           (no ring)
HPRegen 0.27/turn    (no ring)
MPRegen 0.20/turn

%: no passive effects
@: sanguine armoured
A: magic regeneration, sanguine armour 2, deterioration 1, teleportitis 1, wild
magic 1
a: no special abilities


You were in a sewer.
You visited 1 branch of the dungeon, and saw 3 of its levels.
You also visited: Sewer.

You collected 78 gold pieces.

Inventory:

Hand Weapons
 a - a +0 war axe (weapon)
Missiles
 d - 3 throwing nets (quivered)
 e - a javelin
Armour
 b - a +0 leather armour (worn)
 c - a +0 helmet (worn)
Scrolls
 i - a scroll of enchant armour {unknown}
 k - a scroll of noise {unknown}
 m - 7 scrolls of identify {unknown}
 n - a scroll of fog {unknown}
 o - a scroll of brand weapon {unknown}
 r - a scroll of enchant weapon {unknown}
 s - a scroll of magic mapping {unknown}
 t - a scroll of vulnerability {unknown}
 u - a scroll of immolation {unknown}
Potions
 f - a potion of lignification {unknown}
 g - a potion of heal wounds {unknown}
 h - a potion of attraction {unknown}
 j - a potion of mutation
 l - a potion of brilliance {unknown}
 p - a potion of curing
 q - a potion of degeneration


   Skills:
 + Level 3.3 Fighting
 + Level 3.7 Axes
 + Level 3.0 Throwing
 + Level 3.6 Dodging
 + Level 2.4 Stealth
 + Level 0.1 Spellcasting


You had 5 spell levels left.
You didn't know any spells.
Your spell library contained the following spells:

 Spells                   Type           Power      Damage    Failure   Level
 Ensorcelled Hibernation  Hex/Ice        0%         N/A       75%         2
 Spider Form              Tmut/Pois      0%         N/A       92%         3
 Anguish                  Hex/Necr       0%         N/A       100%        4


Dungeon Overview and Level Annotations

Branches:
Dungeon (3/15)              Sewer (1/1)

Altars:

Shops:
D:3 *[


Innate Abilities, Weirdness & Mutations

You regenerate magic rapidly.
When seriously injured, your blood forms thick armour. (AC +9)
Your body sometimes deteriorates upon taking damage.
You are occasionally teleported next to monsters.
Your spells are a little harder to cast, but a little more powerful.


Message History

The kobold brigand barely misses you.
You hit the kobold brigand but do no damage.
The kobold brigand is moderately wounded.
You hit the kobold. The kobold misses you. The kobold brigand misses you.
The kobold hits you with a +0 club.
The kobold brigand completely misses you.
You miss the kobold brigand.
The kobold brigand is moderately wounded.
You barely miss the kobold. The kobold hits you but does no damage.
The kobold brigand hits you with a +0 whip!
* * * LOW HITPOINT WARNING * * *
The kobold hits you but does no damage. The kobold brigand misses you.
You closely miss the kobold brigand.
The kobold brigand is moderately wounded.
You hit the kobold.
You kill the kobold!
You feel yourself speed up.
The kobold brigand hits you but does no damage.
The kobold brigand closely misses you.
The kobold brigand hits you but does no damage.
You slash the kobold brigand!
The kobold brigand is severely wounded.
You hit the kobold brigand.
The kobold brigand hits you with a +0 whip.
* * * LOW HITPOINT WARNING * * *
The kobold brigand closely misses you.
You hit the kobold brigand.
The kobold brigand is severely wounded.
You slash the kobold brigand!
The kobold brigand hits you with a +0 whip.
* * * LOW HITPOINT WARNING * * *
The kobold brigand hits you but does no damage.
The kobold brigand hits you with a +0 whip.
* * * LOW HITPOINT WARNING * * *
The kobold brigand misses you.
It was a potion of degeneration.
There was something very wrong with that liquid.
You feel weakened.
You feel dopey.
You feel clumsy.
The kobold brigand hits you with a +0 dagger.
You die...

##### ###..∩# #####
#...######...#### ### ##≈
...#####........##..#..#≈
....##..........@#.....#≈
.......†........KK....#
...........~..~~~#.....#≈
~.~~..~~.~.≈≈≈~≈~#..#..#≈
~~≈~~≈~≈≈~≈≈≈≈≈≈≈#### ##≈
≈≈≈≈≈≈≈≈≈≈≈≈≈≈≈≈≈≈≈
≈≈≈≈≈≈≈≈≈≈≈≈≈≈≈≈≈≈≈≈
~~~≈≈≈≈≈≈≈≈≈≈≈≈≈≈≈≈≈≈
~~~~≈≈~≈≈~≈≈≈≈≈≈≈≈≈≈≈


You could see 2 kobold brigands.

Vanquished Creatures
  Sigmund (D:2)
  3 gnolls (D:2)
  3 adders (D:2)
  2 worms (D:2)
  A dart slug (D:1)
  7 endoplasms
  A giant cockroach (D:2)
  9 goblins
  2 hobgoblins
  7 jackals
  9 kobolds
  A quokka (D:1)
  11 ball pythons
  8 bats
  A frilled lizard (D:2)
  9 rats
75 creatures vanquished.

Notes
Turn   | Place    | Note
-------+----------+-------------------------------------------
     0 | D:1      | Ayyar the Demonspawn Gladiator began the quest for the Orb.
     0 | D:1      | Reached XP level 1. HP: 16/16 MP: 1/1
   124 | D:1      | Gained mutation: When seriously injured, your blood forms
                  | armour. (AC +9) [demonic ancestry]
   124 | D:1      | Reached XP level 2. HP: 21/22 MP: 2/2
   322 | D:1      | Gained mutation: When seriously injured, your blood forms
                  | thick armour. (AC +9) [demonic ancestry]
   322 | D:1      | Reached XP level 3. HP: 28/28 MP: 3/3
   803 | D:2      | Reached skill level 1 in Stealth
   894 | D:2      | Reached XP level 4. HP: 13/34 MP: 4/4
  1009 | D:2      | Noticed Sigmund
  1035 | D:2      | Killed Sigmund
  1036 | D:2      | Gained mutation: You regenerate magic rapidly. [demonic
                  | ancestry]
  1036 | D:2      | Reached XP level 5. HP: 25/41 MP: 5/5
  1242 | D:2      | Reached XP level 6. HP: 44/47 MP: 6/6
  1441 | D:2      | Found a faded altar of an unknown god.
  1548 | D:3      | Found Alyaryel's Antique Armour Boutique.
  1563 | D:3      | Found Heapse's Assorted Antiques.
  1594 | D:3      | Found a glowing drain.
  1612 | Sewer    | Entered a sewer
  1654 | Sewer    | Gained mutation: You are occasionally teleported next to
                  | monsters. [potion of mutation]
  1654 | Sewer    | Gained mutation: Your body sometimes deteriorates upon
                  | taking damage. [potion of mutation]
  1654 | Sewer    | Gained mutation: Your spells are a little harder to cast,
                  | but a little more powerful. [potion of mutation]
  1662 | Sewer    | Slain by a kobold brigand

Illustrated notes

Levels and vault maps discovered:
D:1:      dpeg_arrival_tiny_f, layout_basic, minmay_vboxes
D:2:      layout_rooms, ebering_ecumenical_altar_webs, minmay_surrounded,
          uniq_sigmund
D:3:      layout_basic, serial_shops, shop, shop, shop,
          cheibrodos_sewer_entry_drain
Sewer:    sewer_minmay_treatment

Skill      XL: |  1  2  3  4  5 |
---------------+----------------+-----
Throwing       | 2 3 |  3.0
Axes           | 3 |  3.7
Dodging        | 3 |  3.6
Stealth        | 1 2 |  2.4
Fighting       | 3 |  3.3
Spellcasting   | |  0.1

Action                     |  1- 3 |  4- 6 || total
---------------------------+-------+-------++-------
  Melee: War axe           |   103 |   101 ||   204
  Throw: Throwing net      |       |     1 ||     1
    Use: Potion            |       |     3 ||     3
   Stab: Sleeping          |     1 |     3 ||     4
 Armour: Leather armour    |    44 |    27 ||    71
  Dodge: Dodged            |   100 |    90 ||   190
